 Dungeon Crawl Stone Soup version 0.26-a0-833-g7262b39652 (webtiles) character file.

Game seed: 1966907521107237241

39 Descartes the Covert (level 3, -3/17 HPs)
             Began as a Felid Delver on Nov 16, 2020.
             Slain by Ijyb
             ... wielding a +4 dagger of protection
              (6 damage)
             ... on level 3 of the Dungeon.
             The game lasted 00:05:18 (1960 turns).

Descartes the Covert (Felid Delver)                 Turns: 1960, Time: 00:05:19

Health: -3/17      AC:  1    Str:  7    XL:     3   Next: 26%
Magic:  5/13       EV: 18    Int: 11    God:
Gold:   137        SH:  0    Dex: 17    Spells: 2/2 levels left
                                        Lives:  0   Deaths: 0

rFire    . . .     SeeInvis +     - Unarmed
rCold    . . .     Faith    .   (shield unavailable)
rNeg     . . .     Spirit   .   (armour unavailable)
rPois    .         Reflect  .   (helmet unavailable)
rElec    .         Harm     .   (cloak unavailable)
rCorr    .         Rampage  .   (gloves unavailable)
MR       .....                  (boots unavailable)
Stlth    ++++......             (no amulet)
HPRegen  0.05/turn              (no ring)
MPRegen  0.13/turn              o - ring of magical power

@: hasted (expiring), very quick
A: very small, no armour, no weapons or thrown items, stealth, claws 1, fangs 3,
see invisible, speed 1, shaggy fur 1, weak 1, MP-powered wands, sharp paws
a: no special abilities


You were on level 3 of the Dungeon.
You visited 1 branch of the dungeon, and saw 6 of its levels.

You collected 137 gold pieces.

Inventory:

Jewellery
 o - a ring of magical power (right paw)
Wands
 e - a wand of digging (3)
Scrolls
 a - a scroll of fog
 b - a scroll of magic mapping
 c - a scroll of fear
 f - a scroll of immolation {unknown}
 g - a scroll of silence {unknown}
 h - 2 scrolls of teleportation
 i - a scroll of enchant armour {unknown}
 l - a scroll of enchant weapon {unknown}
 m - 3 scrolls of amnesia {unknown}
 n - 2 scrolls of identify


   Skills:
 - Level 3.0 Fighting
 + Level 2.9 Dodging
 + Level 8.0 Stealth
 - Level 2.0 Unarmed Combat


You had 2 spell levels left.
You didn't know any spells.
Your spell library was empty.

Dungeon Overview and Level Annotations

Branches:
Dungeon (6/15)
 Temple: D:4-7

Altars:
Dithmenos

Annotations:
D:3 Ijyb


Innate Abilities, Weirdness & Mutations

You cannot wear armour.
You are incapable of wielding weapons or throwing items.
Your paws allow you to move quietly. (Stealth)
You have sharp claws.
You have razor-sharp teeth.
You have supernaturally acute eyesight. (SInv)
You cover ground quickly.
You are covered in fur. (AC +1)
Your sharp claws are effective at attacking unaware monsters.
You are weak. (Str -2)
You expend magic power (3 MP) to strengthen your wands.


Message History

You scratch Ijyb but do no damage.
Ijyb is heavily wounded.
You scratch Ijyb.
Ijyb is heavily wounded.
Ijyb misses you.
You scratch Ijyb but do no damage.
Ijyb is heavily wounded.
Your extra speed is starting to run out.
You scratch Ijyb but do no damage.
Ijyb is heavily wounded.
Ijyb closely misses you.
You scratch Ijyb but do no damage.
Ijyb is heavily wounded.
Ijyb barely misses you.
You scratch Ijyb.
Ijyb is severely wounded.
You scratch Ijyb but do no damage.
Ijyb is severely wounded.
Ijyb hits you with a +4 dagger of protection.
You die...

.. #.# ..## ..##
....# ...# #..#
.#.# #.####.#.#
.## ##...#..#.#
.># #..#.#.##.#
#.# #.##....g.###
#.# #[#....##@..#
#.###...######..#
#(#...### ##.#
#.#.#.# #.##
#...#.# #.<#
#..##.# #..#
#.###.# ###..####
#(.##.# #.......#
#..##.# #.......#


You could see Ijyb.

Vanquished Creatures
  An adder (D:4)
  An ooze (D:3)
  An adder skeleton (D:5)
  A dart slug (D:1)
  A leopard gecko (D:1)
  3 goblins
  3 hobgoblins
  A ball python (D:1)
  A bat (D:1)
  5 frilled lizards
  A kobold (D:2)
  A quokka skeleton (D:4)
  4 rats
24 creatures vanquished.

Notes
Turn   | Place    | Note
-------+----------+-------------------------------------------
     0 | D:5      | Descartes the Felid Delver began the quest for the Orb.
     0 | D:5      | Reached XP level 1. HP: 10/10 MP: 2/2
   209 | D:6      | Noticed a scorpion
   453 | D:4      | Reached skill level 7 in Stealth
   453 | D:4      | Reached XP level 2. HP: 11/14 MP: 3/3
   544 | D:3      | Found a shadowy altar of Dithmenos.
   837 | D:1      | Reached XP level 3. HP: 12/17 MP: 4/4
  1134 | D:1      | Reached skill level 8 in Stealth
  1539 | D:2      | Gained mutation: You are weak. (Str -2) [potion of
                  | mutation]
  1539 | D:2      | Gained mutation: You expend magic power (3 MP) to
                  | strengthen your wands. [potion of mutation]
  1890 | D:3      | Noticed Ijyb
  1960 | D:3      | Slain by Ijyb

Illustrated notes

Levels and vault maps discovered:
D:1:      onia_arrival_mini_maze_b, layout_basic
D:2:      layout_rooms, minmay_misc_feat_tower, chequers_garden
D:3:      layout_rooms, grunt_dithmenos_smoke, uniq_robin, uniq_ijyb
D:4:      layout_cave_pools, temple_statues
D:5:      layout_basic, basic_altar, hangedman_abyss_or_decor_lesser_grid
D:6:      minmay_flawed_box, layout_loops_ring, lexackson_kobold_supper

Skill      XL: |  1  2  3 |
---------------+----------+-----
Stealth        | 7 8 |  8.0
Fighting       | |  3.0
Dodging        | |  2.9
Unarmed Combat | |  2.0

Action                   || total
-------------------------++-------
Melee: Unarmed           ||    94
       Bite              ||     9
  Use: Scroll            ||     3
       Potion            ||     2
 Stab: Sleeping          ||    10
       Distracted        ||     2
Armor: Skin              ||     1
Dodge: Dodged            ||    66

Table legend: (Time is in decaauts)
 A = Elapsed time spent in this place.
 B = Non-inter-level travel time spent in this place.
 C = Inter-level travel time spent in this place.
 D = Time resting spent in this place.
 E = Time spent auto-exploring this place.
 F = Levels seen in this place.
 G = Mean time per level.
                   A        B        C        D        E       F      G
               +--------+--------+--------+--------+--------+-----+--------+
         Total |   1727 |   1701 |     26 |    138 |   1187 |   6 |  287.8 |
       Dungeon |   1727 |   1701 |     26 |    138 |   1187 |   6 |  287.8 |
               +--------+--------+--------+--------+--------+-----+--------+

Top non-repeatable levels by time:
     D:1: 621 daAuts
     D:2: 512 daAuts
     D:4: 192 daAuts
     D:5: 173 daAuts
     D:6: 135 daAuts
     D:3: 92 daAuts
